Map: Orbital Shipyard

Players

capac - Winner!

  • Race: Terran Terran
  • League: Gold

MindtheGap

  • Race: Zerg Zerg
  • League: Gold

VOD

Have the link to the VOD?

Description

Time

  • Played on: March 20, 2016, 1:36 p.m.
  • Length: 15:55
Show
View Real Time Build Order
Export as new Build Order

capac Terran - Winner!

Build Orders: Bio Tank 

Get SALT Encoding   

  12  0:00  SCV  
  13  0:14  SCV  
  14  0:18  Supply Depot  
  14  0:26  SCV  
  15  0:39  SCV  
  15  0:41  Barracks  
  16  0:46  Refinery  
  16  0:52  SCV  
  17  1:04  SCV  
  18  1:16  SCV  
  19  1:28  SCV  
  19  1:32  Reaper  
  21  1:36  Command Center  
  21  1:44  Orbital Command  
  21  1:53  Supply Depot  
  21  2:04  Barracks Reactor  
  21  2:08  Refinery  
  21  2:11  SCV  
  22  2:28  Factory  
  22  2:41  SCV  
  22  2:42  Marine x2  
  25  2:50  Barracks  
  25  2:53  SCV  
  25  2:55  Engineering Bay  
  26  3:04  Marine  
  26  3:05  Marine  
  28  3:06  SCV  
  28  3:08  Orbital Command  
  29  3:13  Starport  
  29  3:19  SCV  
  30  3:22  Marine x2  
  32  3:33  SCV  
  32  3:34  SCV  
  34  3:39  Barracks Tech Lab  
  34  3:41  Factory Tech Lab  
  34  3:46  Terran Infantry Weapons Level 1  
  34  3:52  SCV x2  
  36  3:57  Medivac  
  38  4:06  SCV  
  38  4:07  Supply Depot, SCV  
  38  4:09  Stimpack  
  40  4:10  Marine x2  
  40  4:11  Marine  
  43  4:18  SCV  
  43  4:19  SCV  
  45  4:29  Medivac  
  45  4:30  Supply Depot  
  47  4:32  SCV x2  
  47  4:38  Refinery  
  48  4:43  Siege Tank  
  51  4:50  Refinery, SCV x2  
  53  4:53  Marine x3  
  53  4:56  Supply Depot  
  56  5:07  Starport Reactor  
  56  5:08  SCV x2  
  56  5:10  Marine  
  56  5:11  Marine  
  60  5:14  Marine  
  60  5:15  Command Center  
  61  5:22  SCV x2  
  63  5:32  Marine x2  
  63  5:33  Marine  
  63  5:34  SCV x2  
  68  5:46  SCV x2  
  68  5:47  Terran Infantry Armor Level 1  
  69  6:09  Liberator x2  
  69  6:21  SCV  
  70  6:26  Supply Depot x2, Siege Tank, SCV  
  80  6:41  Marine x2  
  80  6:42  Marine  
  80  6:43  Orbital Command  
  83  6:48  SCV x2  
  83  6:54  Supply Depot  
  85  6:56  Supply Depot  
  85  7:02  Marine x3  
  88  7:11  Medivac x2  
  88  7:12  Siege Tank  
  88  7:13  SCV x2  
  97  7:16  SCV  
  97  7:20  Marine x3  
  101  7:24  Barracks  
  101  7:25  Barracks  
  101  7:26  Barracks  
  101  7:28  Supply Depot x2  
  101  7:29  Barracks  
  102  7:30  SCV x3  
  102  7:31  Liberator  
  102  7:32  Liberator  
  102  7:33  Supply Depot  
  104  7:38  Marine  
  104  7:41  Refinery x2  
  104  7:43  SCV x2  
  107  7:44  SCV  
  107  7:46  Siege Tank  
  117  8:15  Barracks Reactor  
  117  8:16  Combat Shields  
  117  8:18  Barracks Reactor x2  
  117  8:19  Liberator x2  
  117  8:21  Siege Tank  
  117  8:24  SCV  
  117  8:25  SCV  
  122  8:30  Command Center  
  122  8:40  Starport, Marine x2  
  131  8:43  Barracks Reactor  
  131  8:46  Supply Depot  
  131  8:47  Supply Depot, Armory  
  131  8:48  Supply Depot  
  130  8:54  Marine x4  
  130  8:55  Marine  
  135  8:56  Marine  
  135  9:01  Siege Tank  
  135  9:02  Marine x2  
  139  9:03  Marine  
  139  9:09  Supply Depot  
  142  9:11  Marine  
  142  9:12  Marine x2  
  142  9:17  Starport Reactor  
  145  9:23  Engineering Bay, SCV x2  
  147  9:27  SCV  
  147  9:28  Marine x5  
  147  9:29  Marine x3  
  156  9:33  Siege Tank  
  156  9:35  SCV, Medivac x2  
  164  9:46  Liberator x2  
  164  9:57  Marine  
  164  9:58  Marine x6  
  164  9:59  Marine x3  
  174  10:01  Terran Infantry Weapons Level 2  
  174  10:07  Medivac x2  
  182  10:09  Marine  
  182  10:10  Siege Tank  
  182  10:13  Terran Ship Weapons Level 1  
  188  10:14  Supply Depot  
  188  10:15  Marine x2  
  188  10:16  Marine x3  
  193  10:23  Command Center  
  193  10:25  Planetary Fortress  
  159  10:44  Marine x3  
  159  10:45  Marine x7  
  152  11:02  Liberator x3  
  134  11:08  Marine x4  
  134  11:09  Marine x4  
  139  11:13  Marine x3  
  145  11:18  Siege Tank  
  154  11:26  Marine x6  
  154  11:27  Marine x2  
  159  11:42  Marine x3  
  159  11:43  Marine  
  159  11:44  Marine  
  164  11:47  Terran Infantry Armor Level 2  
  164  11:50  Liberator  
  164  11:51  Liberator x3  
  155  12:46  Marine x3  
  155  12:47  Marine x6  
  155  12:48  Marine x2  
  155  12:50  Viking x2  
  155  12:51  Viking x2  
  150  13:13  Marine x4  
  150  13:14  Marine x2  
  156  13:20  Viking x2  
  145  13:38  Marine x6  
  145  13:39  Marine x5  
  151  13:45  Viking x2  
  155  13:51  Medivac x2  
  159  13:55  Marine  
  159  13:56  Marine  
  159  13:58  Refinery, Marine x6  
  159  13:59  Marine x3  
  170  14:13  Marine x2  
  170  14:15  Medivac  
  170  14:16  Marine x2  
  170  14:33  Medivac x3  
  174  14:45  Medivac  
  176  15:25  Marine x2  
  176  15:26  Marine x6  
Show
View Real Time Build Order
Export as new Build Order

MindtheGap Zerg 

Build Orders: Hatch First 

Get SALT Encoding   

  12  0:01  Drone  
  13  0:12  Overlord  
  13  0:18  Drone  
  14  0:31  Drone x2  
  14  0:34  Drone  
  17  0:54  Hatchery  
  16  0:58  Drone  
  16  1:02  Extractor  
  16  1:12  Spawning Pool  
  16  1:14  Drone  
  16  1:17  Drone  
  17  1:22  Drone  
  18  1:28  Drone  
  19  1:39  Overlord  
  19  1:49  Drone  
  20  1:59  Queen  
  22  2:03  Metabolic Boost  
  22  2:05  Drone  
  22  2:07  Queen  
  25  2:11  Zergling x2  
  25  2:15  Zergling x2  
  27  2:18  Zergling x2  
  27  2:21  Drone  
  29  2:28  Drone  
  30  2:33  Drone  
  31  2:41  Drone  
  32  2:48  Drone  
  32  2:49  Drone  
  34  2:54  Overlord  
  34  3:08  Drone  
  34  3:09  Drone  
  36  3:14  Queen  
  36  3:15  Drone x4  
  42  3:21  Overlord  
  42  3:22  Drone  
  42  3:39  Drone x3  
  42  3:40  Drone  
  46  3:44  Drone  
  47  3:48  Extractor  
  47  3:49  Roach Warren  
  47  3:51  Drone  
  46  3:57  Drone x2  
  46  3:58  Drone x2  
  46  4:01  Spore Crawler  
  49  4:04  Spore Crawler  
  49  4:05  Hatchery  
  49  4:06  Drone x2, Spore Crawler  
  48  4:26  Extractor  
  48  4:27  Extractor, Drone  
  48  4:28  Drone x4  
  51  4:37  Overlord x2  
  51  4:56  Drone x3  
  51  4:57  Overlord x2  
  51  4:58  Overlord  
  51  4:59  Roach  
  56  5:08  Lair  
  56  5:12  Evolution Chamber  
  56  5:14  Evolution Chamber, Drone  
  54  5:15  Drone x5  
  54  5:16  Queen  
  54  5:18  Overlord  
  54  5:19  Roach x2  
  66  5:26  Pneumatized Carapace  
  68  5:28  Roach  
  68  5:29  Roach  
  68  5:35  Roach x5  
  80  5:55  Roach x3  
  80  5:56  Zergling x2, Roach x3  
  89  6:21  Spore Crawler  
  88  6:25  Spore Crawler  
  88  6:26  Drone x5  
  88  6:27  Roach  
  88  6:28  Ravager x5  
  99  6:36  Overlord x4  
  99  6:38  Roach  
  99  6:39  Roach x2  
  105  6:42  Overlord  
  105  6:43  Overlord x3  
  105  6:45  Overseer x3  
  105  6:50  Overlord x3  
  105  6:56  Overlord x3  
  105  7:00  Zerg Missile Weapons Level 1  
  105  7:04  Zergling x4  
  105  7:05  Zergling x6  
  110  7:11  Overlord x3  
  110  7:23  Zerg Ground Armor Level 1  
  110  7:34  Drone x5  
  115  7:42  Infestation Pit  
  114  7:48  Roach  
  114  7:49  Roach x6  
  128  7:56  Extractor  
  128  7:57  Extractor  
  126  8:13  Hatchery  
  125  8:22  Drone x5  
  125  8:23  Drone x2  
  125  8:27  Drone x6  
  138  8:42  Ravager x5  
  138  8:43  Ravager x2  
  145  8:50  Hive  
  145  8:53  Spire  
  144  9:03  Roach x6  
  144  9:04  Roach x8  
  144  9:06  Overlord x2  
  144  9:07  Overlord  
  172  9:18  Zerg Missile Weapons Level 2  
  172  9:21  Zerg Ground Armor Level 2  
  172  9:29  Spore Crawler  
  171  9:32  Spine Crawler, Spore Crawler  
  169  9:43  Roach x4  
  169  9:44  Roach x10  
  197  10:00  Glial Reconstitution  
  197  10:06  Greater Spire  
  197  10:08  Corruptor  
  130  11:11  Corruptor  
  130  11:12  Corruptor x12  
  156  11:18  Queen  
  156  11:20  Drone x6  
  156  11:24  Extractor  
  156  11:25  Drone x4  
  167  11:34  Extractor  
  166  11:43  Corruptor  
  166  11:44  Corruptor x4  
  176  12:04  Brood Lord  
  176  12:05  Brood Lord  
  180  12:15  Spore Crawler  
  180  12:16  Overlord  
  180  12:17  Overlord  
  112  12:49  Zergling x4  
  112  12:50  Roach x4  
  112  12:51  Roach x13  
  148  12:52  Ravager x3  
  148  12:53  Ravager  
  148  12:55  Ravager  
  153  13:01  Brood Lord  
  124  13:15  Ravager  
  124  13:16  Ravager x3  
  98  13:36  Corruptor x3  
  98  13:37  Corruptor  
  94  13:44  Extractor  
  93  13:48  Corruptor x2  
  97  13:59  Zerg Melee Weapons Level 1  
  79  14:27  Zergling x2  
  79  14:30  Corruptor  
  79  14:31  Corruptor x5  
  78  14:33  Zergling x14  
  78  14:34  Zergling x16  
  103  14:42  Zergling x2  
  104  14:59  Zergling x4  
  107  15:00  Zergling x10  
  107  15:11  Zergling x2  
  107  15:12  Zergling x6  
  108  15:15  Brood Lord  
  108  15:16  Brood Lord x3  
  116  15:24  Corruptor  
  116  15:25  Baneling Nest  
Tags
 
Composition
Bio Tank
League
GoldGold
Matchup
TvZ
Add a new tag
Caveats
  • Supply blocks, unpowered buildings, or Contaminate may cause inaccurate times.
  • Supply counts are checked every 10 seconds.